 Dungeon Crawl Stone Soup version 0.20-a0-277-g7db01f4 (webtiles) character file.

2757 snakesoul the Cleaver (level 9, -3/85 HPs)
             Began as a Minotaur Berserker on Dec 11, 2016.
             Was a High Priest of Trog.
             Killed from afar by an electric eel (14 damage)
             ... with a bolt of electricity
             ... on level 6 of the Dungeon.
             The game lasted 00:09:02 (5319 turns).

snakesoul the Cleaver (Minotaur Berserker)          Turns: 5319, Time: 00:09:03

Health: -3/85      AC: 10    Str: 22    XL:     9   Next: 41%
Magic:  8/8        EV:  8    Int:  4    God:    Trog [*****.]
Gold:   262        SH:  0    Dex: 13    Spells: 8/8 levels left

rFire  . . .     SeeInvis .     a - +0 hand axe
rCold  . . .     Gourm    .     i - +0 chain mail
rNeg   + . .     Faith    .     (no shield)
rPois  .         Spirit   .     (helmet restricted)
rElec  .         Reflect  .     (no cloak)
rCorr  .         Harm     .     (no gloves)
MR     .....                    G - +1 pair of boots {Stlth+}
Stlth  ..........               (no amulet)
                                k - ring of flight
                                e - ring of positive energy

@: no status effects
A: retaliatory headbutt, horns 2
a: Berserk, Trog's Hand, Brothers in Arms, Burn Spellbooks, Renounce Religion,
Evoke Flight


You were on level 6 of the Dungeon.
You worshipped Trog.
Trog was extremely pleased with you.
You were not hungry.

You visited 1 branch of the dungeon, and saw 6 of its levels.

You collected 262 gold pieces.

Inventory:

Hand Weapons
 a - a +0 hand axe (weapon)
Missiles
 I - 4 silver tomahawks (quivered)
Armour
 i - a +0 chain mail (worn)
 G - a +1 pair of boots of stealth (worn)
Jewellery
 e - a ring of positive energy (left hand)
 k - a ring of flight (right hand)
 H - an uncursed amulet of magic regeneration {unknown}
Wands
 d - a wand of slowing (23/48)
 j - a wand of flame (20/48)
 p - a wand of lightning (11/15)
 z - a wand of slowing (30/48)
Scrolls
 f - 13 scrolls of identify
 q - 2 scrolls of magic mapping
 r - a scroll of noise
 s - 2 scrolls of recharging {unknown}
 t - a scroll of random uselessness {unknown}
 u - 2 scrolls of fear {unknown}
 y - 2 scrolls of remove curse
 A - a scroll of amnesia {unknown}
 D - a scroll of teleportation
 E - a scroll of enchant armour {unknown}
Potions
 b - 2 potions of degeneration {unknown}
 g - a potion of invisibility {unknown}
 h - a potion of ambrosia {unknown}
 l - 2 potions of curing {unknown}
 m - 2 potions of magic {unknown}
 v - a potion of resistance {unknown}
 w - 2 potions of lignification {unknown}
 x - a potion of heal wounds {unknown}
 B - a potion of flight {unknown}
 C - a potion of might {unknown}
 J - a potion of mutation {unknown}
Comestibles
 c - 7 bread rations
 n - 5 meat rations
 o - 2 beef jerkies
 F - 5 chunks of flesh


   Skills:
 + Level 9.8 Fighting
 * Level 12.6 Axes
 - Level 2.4 Armour
 - Level 2.1 Dodging


You had 8 spell levels left.
You didn't know any spells.

Dungeon Overview and Level Annotations

Branches:
Dungeon (6/15)             Temple (0/1) D:4

Altars:
Fedhas
Hepliaklqana
Makhleb
Okawaru
Qazlal
Ru
Trog
Zin

Shops:
D:4 ?


Innate Abilities, Weirdness & Mutations

You reflexively headbutt those who attack you in melee.
You have a pair of horns on your head.


Message History

The electric eel shoots out a bolt of lightning at you!
The bolt of electricity hits you!
The electric eel shoots out a bolt of lightning at you!
The bolt of electricity hits you!
The electric eel shoots out a bolt of lightning at you!
The bolt of electricity hits you!
The electric eel shoots out a bolt of lightning at you!
The bolt of electricity hits you!
* * * LOW HITPOINT WARNING * * *
The electric eel shoots out a bolt of lightning at you!
The bolt of electricity hits you!
* * * LOW HITPOINT WARNING * * *
The electric eel shoots out a bolt of lightning at you!
The bolt of electricity hits you!
* * * LOW HITPOINT WARNING * * *
The bolt of electricity hits you!
* * * LOW HITPOINT WARNING * * *
The electric eel shoots out a bolt of lightning at you!
The bolt of electricity hits you!
You die...

#...........#......
#..................
####...............
#.........####..
#.........# ..
###.........# .
#......###.##
#########.####.###...
#........@............
#.....^.................
#≈≈≈.≈≈≈≈≈≈≈≈≈≈≈...≈≈≈≈.
#≈≈≈≈≈≈≈;≈≈≈≈≈≈≈≈≈≈≈≈≈≈≈
#≈≈≈≈≈≈≈≈≈≈≈≈≈≈≈≈ ≈
#≈≈;≈≈≈≈≈≈#####≈≈
#≈≈≈≈≈≈≈≈≈# ##
#≈≈≈≈≈≈≈≈≈# #≈≈≈≈≈≈≈≈≈#


You could see 2 electric eels.

Vanquished Creatures
  Sigmund (D:6)
  Menkaure (D:5)
  Edmund (D:6)
  Duvessa (D:4)
  An orc warrior (D:6)
  2 sky beasts
  An ice beast (D:5)
  A phantom (D:4)
  3 ogres
  2 centaurs (D:6)
  2 bullfrogs (D:6)
  Blork the orc (D:4)
  2 scorpions
  Dowan (D:4)
  4 howler monkeys
  A hound (D:4)
  5 orc priests
  11 orc wizards
  Natasha (D:2)
  6 worker ants
  Robin (D:3)
  9 adders
  2 oozes
  An adder skeleton (D:6)
  2 worms
  A dart slug (D:1)
  4 leopard geckos
  20 orcs
  2 ball pythons (D:2)
  10 giant cockroaches
  21 goblins
  14 hobgoblins
  15 jackals
  5 kobolds
  3 quokkas
  5 bats
  3 frilled lizards
  A giant cockroach zombie (D:6)
  A jackal skeleton (D:4)
  9 rats
177 creatures vanquished.

Notes
Turn   | Place    | Note
-------+----------+-------------------------------------------
     0 | D:1      | snakesoul the Minotaur Berserker began the quest for the Orb.
     0 | D:1      | Reached XP level 1. HP: 19/19 MP: 0/0
     1 | D:1      | Found a runed door.
    11 | D:1      | Reached skill level 4 in Axes
    16 | D:1      | Reached XP level 2. HP: 27/27 MP: 1/1
   225 | D:1      | Reached ** piety under Trog
   257 | D:1      | Reached XP level 3. HP: 31/33 MP: 2/2
   837 | D:2      | Found a hazy altar of Hepliaklqana.
   850 | D:2      | Reached skill level 5 in Axes
   898 | D:2      | Reached XP level 4. HP: 19/41 MP: 3/3
  1602 | D:2      | Noticed Natasha
  1608 | D:2      | Killed Natasha
  1608 | D:2      | Reached skill level 5 in Fighting
  1608 | D:2      | Reached XP level 5. HP: 48/48 MP: 4/4
  1610 | D:2      | Reached skill level 6 in Axes
  1709 | D:3      | Noticed Robin
  1714 | D:3      | Reached *** piety under Trog
  1718 | D:3      | Killed Robin
  2322 | D:4      | Noticed an ogre
  2330 | D:4      | Killed an ogre
  2330 | D:4      | Reached skill level 7 in Axes
  2330 | D:4      | Reached XP level 6. HP: 9/57 MP: 5/5
  2597 | D:4      | Reached **** piety under Trog
  2614 | D:4      | Noticed Dowan
  2615 | D:4      | Noticed Duvessa
  2622 | D:4      | Killed Dowan
  2623 | D:4      | Killed Duvessa
  2625 | D:4      | Reached skill level 8 in Axes
  2733 | D:4      | Noticed Blork the orc
  2745 | D:4      | Killed Blork the orc
  2745 | D:4      | Reached XP level 7. HP: 64/64 MP: 6/6
  2968 | D:4      | Found a burning altar of Makhleb.
  3021 | D:4      | Found Vetsupn's Magic Scroll Boutique.
  3079 | D:4      | Found a staircase to the Ecumenical Temple.
  3172 | D:5      | Entered Level 5 of the Dungeon
  3262 | D:5      | Reached skill level 9 in Axes
  3324 | D:5      | Found a sacrificial altar of Ru.
  3324 | D:5      | Found a glowing silver altar of Zin.
  3325 | D:5      | Found a bloodstained altar of Trog.
  3326 | D:5      | Found an iron altar of Okawaru.
  3328 | D:5      | Found a blossoming altar of Fedhas.
  3328 | D:5      | Found a stormy altar of Qazlal.
  3345 | D:5      | Noticed Menkaure
  3351 | D:5      | Killed Menkaure
  3500 | D:5      | Reached XP level 8. HP: 66/73 MP: 7/7
  3542 | D:5      | Reached skill level 10 in Axes
  4042 | D:5      | Reached skill level 11 in Axes
  4477 | D:6      | Reached XP level 9. HP: 64/83 MP: 8/8
  4718 | D:6      | Reached ***** piety under Trog
  4745 | D:6      | Noticed Sigmund
  4750 | D:6      | Noticed Edmund
  4754 | D:6      | Killed Sigmund
  4754 | D:6      | Reached skill level 12 in Axes
  4759 | D:6      | Killed Edmund
  5319 | D:6      | Killed from afar by an electric eel

Vault maps used:
D:1:      dpeg_arrival_caged_fury
D:2:      lemuel_crystal_altar, minmay_goblin_kobold_house, uniq_natasha
D:3:      corexii_shack_village, first_bread, uniq_robin
D:4:      lemuel_crystal_altar, serial_shops, nicolae_shop_waterfront,
          uniq_duvessa, uniq_blork_the_orc
D:5:      grunt_temple_overflow_open, serial_glass, glass_columns_c,
          glass_columns_b, item_on_display_b, uniq_menkaure
D:6:      minmay_goblin_kobold_castle, uniq_edmund, uniq_sigmund

Skill      XL: |  1  2  3  4  5  6  7  8  9 |
---------------+----------------------------+-----
Axes           | 4 5 7 8 9 11 12 | 12.6
Fighting       | 4 5 6 7 9 |  9.8
Armour         | |  2.4
Dodging        | |  2.1

Action                   |  1- 3 |  4- 6 |  7- 9 || total
-------------------------+-------+-------+-------++-------
Melee: Hand axe          |    69 |   133 |   270 ||   472
       Headbutt          |     9 |    24 |    55 ||    88
Invok: Berserk           |     1 |     5 |     3 ||     9
  Use: Scroll            |       |     6 |       ||     6
  Eat: Chunk             |     1 |     6 |    12 ||    19
       Bread ration      |       |     1 |       ||     1
Armor: Animal skin       |     2 |       |       ||     2
       Chain mail        |    20 |    72 |   125 ||   217
       Ring mail         |       |     2 |       ||     2
Dodge: Dodged            |    31 |    54 |    72 ||   157
